 Dungeon Crawl Stone Soup version 0.20.1-1-g8b1a95d (webtiles) character file.

96677 JeffiDaFish the Bludgeoner (level 16, -2/104 HPs)
             Began as a Gargoyle Fighter on July 31, 2017.
             Was a High Priest of Okawaru.
             Slain by Morgon's ghost (29 damage)
             ... on level 15 of the Dungeon.
             The game lasted 00:49:22 (20375 turns).

JeffiDaFish the Bludgeoner (Gargoyle Fighter)      Turns: 20375, Time: 00:49:22

Health: -2/104     AC: 39    Str: 27    XL:     16   Next: 17%
Magic:  23/24      EV: 17    Int:  9    God:    Okawaru [*****.]
Gold:   1548       SH: 17    Dex: 14    Spells: 24/26 levels left

rFire    . . .     SeeInvis .   p - +9 flail (freeze)
rCold    + . .     Gourm    .   c - +1 shield
rNeg     + . .     Faith    .   w - +3 plate armour
rPois    ∞         Spirit   .   B - +2 helmet
rElec    +         Reflect  .   a - +2 cloak
rCorr    .         Harm     .   s - +2 pair of gloves
MR       +....                  (no boots)
Stlth    ..........             m - amulet of regeneration
Regen    0.7/turn               I - +3 ring of evasion
MPRegen  0.2/turn               r - +4 ring of slaying

@: mighty, heroism, flying
A: big wings, blurry vision 1, cold resistance 1, deformed body, negative energy
resistance 1, electricity resistance, unbreathing, petrification resistance, rot
immunity, AC +11
a: Stop Flying, Heroism, Finesse, Renounce Religion


You were on level 15 of the Dungeon.
You worshipped Okawaru.
Okawaru was extremely pleased with you.
You were not hungry.

You visited 3 branches of the dungeon, and saw 22 of its levels.
You also visited: Ice Cave.

You collected 1821 gold pieces.
You spent 273 gold pieces at shops.

Inventory:

Hand Weapons
 p - a +9 flail of freezing (weapon)
Armour
 a - a +2 cloak (worn)
 c - a +1 shield (worn)
 s - a +2 pair of gloves (worn)
 w - a +3 plate armour (worn)
 B - a +2 helmet (worn)
Jewellery
 m - an amulet of regeneration (around neck)
 n - an uncursed ring of protection from magic
 r - a +4 ring of slaying (right hand)
 E - an uncursed ring of protection from cold
 I - a +3 ring of evasion (left hand)
Wands
 k - a wand of clouds (7/9)
 u - a wand of scattershot (5/9)
Scrolls
 j - 5 scrolls of remove curse
 q - 7 scrolls of magic mapping
 y - a scroll of recharging
 C - 2 scrolls of amnesia
 D - 7 scrolls of teleportation
 F - a scroll of blinking
 G - 4 scrolls of identify
 M - a scroll of enchant weapon
Potions
 d - a potion of might
 e - 10 potions of curing
 g - 5 potions of haste
 o - a potion of resistance
 x - 3 potions of agility
 z - 2 potions of brilliance
 H - a potion of cancellation
 J - a potion of magic
Books
 t - a book of Conjurations

   Spells                             Type                      Level
   a - Magic Dart                     Conjuration                  1
   b - Searing Ray                    Conjuration                  2
   c - Dazzling Spray                 Conjuration/Hexes            3
   d - Fulminant Prism                Conjuration/Hexes            4
   e - Force Lance                    Conjuration/Translocation    4
   f - Iskenderun's Mystic Blast      Conjuration                  4
 v - a book of Minor Magic

   Spells                             Type                      Level
   a - Magic Dart                     Conjuration                  1
   b - Blink                          Translocation                2
   c - Call Imp                       Summoning                    2
   d - Slow                           Hexes                        2
   e - Conjure Flame                  Conjuration/Fire             3
   f - Mephitic Cloud                 Conjuration/Poison/Air       3
 A - the Tome of Gliding Curses
   (You found it in an ice cave)

   Spells                             Type                      Level
   a - Corona                         Hexes                        1
   b - Swiftness                      Charms/Air                   2
   c - Summon Mana Viper              Hexes/Summoning              5
   d - Conjure Ball Lightning         Conjuration/Air              6
   e - Darkness                       Hexes                        6
 K - Sauzya's Tome of Bewitchment and Moulding
   (You found it on level 14 of the Dungeon)

   Spells                             Type                      Level
   a - Confusing Touch                Hexes                        1
   b - Corona                         Hexes                        1
   c - Ensorcelled Hibernation        Hexes/Ice                    2
   d - Summon Guardian Golem          Hexes/Summoning              3
   e - Tukima's Dance                 Hexes                        3
   f - Yara's Violent Unravelling     Hexes/Transmutation          5
   g - Blade Hands                    Transmutation                5
Comestibles
 b - 15 royal jellies
 f - 14 bread rations
 h - 6 fruits
 l - 11 meat rations
 L - 6 chunks of flesh


   Skills:
 * Level 13.0(18.0) Fighting
 * Level 15.1(20.1) Maces & Flails
 * Level 13.4(18.4) Armour
 + Level 6.1(11.1) Dodging
 - Level 2.2(7.2) Stealth
 * Level 13.8(18.8) Shields
 + Level 5.7 Spellcasting
 + Level 5.6 Translocations
 + Level 3.0 Invocations


You had 24 spell levels left.
You knew the following spells:

 Your Spells              Type           Power        Failure   Level  Hunger
a - Blink                 Tloc           N/A          17%         2    ##.....


Dungeon Overview and Level Annotations

Branches:
Dungeon (15/15)            Temple (1/1) D:6            Lair (6/6) D:8
  Swamp (0/4) Lair:4        Snake (0/4) Lair:3        Slime (0/5) Lair:5
    Orc (0/2) D:9          Vaults (0/5) D:14
 Depths: D:15

Altars:
Ashenzari
Cheibriados
Dithmenos
Elyvilon
Fedhas
Gozag
Hepliaklqana
Kikubaaqudgha
Makhleb
Nemelex Xobeh
Okawaru
Qazlal
Ru
Sif Muna
Trog
Uskayaw
Vehumet
Xom
Yredelemnul
Zin
The Shining One
Jiyva

Shops:
D:6 :   D:10 =

Annotations:
D:15 Morgon's ghost, adept CeMo
Lair:6 exclusion: 3 oklob plants


Innate Abilities, Weirdness & Mutations

You are resistant to torment.
Your stone body is resilient. (AC +11)
You are immune to poison.
Your large and strong wings let you fly indefinitely.
You resist negative energy. (rN+)
You are resistant to electric shocks. (rElec)
You can survive without breathing.
You are immune to petrification.
You are immune to rotting.
Scrolls take you a little longer to read.
Your flesh is cold resistant. (rC+)
Armour fits poorly on your strangely shaped body.


Message History

You hit Morgon's ghost but do no damage.
Morgon's ghost is almost destroyed.
You block Morgon's ghost's attack.
You miss Morgon's ghost.
Morgon's ghost is almost destroyed.
You miss Morgon's ghost.
Morgon's ghost is almost destroyed.
Morgon's ghost hits you but does no damage.
Your plate armour prevents you from hitting Morgon's ghost.
Morgon's ghost is almost destroyed.
You block Morgon's ghost's attack.
You hit Morgon's ghost.
Morgon's ghost is almost destroyed.
You closely miss Morgon's ghost.
Morgon's ghost is almost destroyed.
You block Morgon's ghost's attack.
Your plate armour prevents you from hitting Morgon's ghost.
Morgon's ghost is almost destroyed.
Morgon's ghost hits you!!
You die...

............# .####
...........## .....
###.........## ....
#..........## ..#
#...........##..#
#...............+
...............#
..###.....#....####
.. ....⌠...@.......
#.......+W.......
#.......#........
########........
......... .........
.........
#.........


You could see Morgon's ghost.

Vanquished Creatures
  Rupert (D:12)
  A frost giant (IceCv)
  A fire dragon (D:14)
  Erolcha (D:10)
  11 hydras
  The ghost of Wingnut the Bludgeoner, a journeyman MiFi of Okawaru (D:11)
  4 vault guards (D:14)
  A catoblepas (Lair:6)
  An ice dragon (Lair:5)
  2 two-headed ogres (D:9)
  A queen ant (Lair:2)
  A tengu warrior (D:14)
  6 centaur warriors
  2 death yaks
  Urug (Lair:4)
  Sonja (Lair:2)
  The ghost of iamoutofideas the Chopper, a novice MiFi of Gozag (D:7)
  4 skeletal warriors (D:13)
  2 unseen horrors
  A deep elf mage (D:13)
  A manticore (D:14)
  6 ugly things
  2 oklob plants (Lair:6)
  3 cyclopes
  3 elephants (Lair:3)
  Maurice (D:9)
  3 black mambas
  An ice statue (IceCv)
  5 centaur zombies
  A gargoyle (D:11)
  28 spiny frogs
  2 centaur skeletons (D:14)
  3 rime drakes
  A tengu conjurer (D:14)
  8 komodo dragons
  A queen bee (D:9)
  7 trolls
  21 polar bears
  5 tyrant leeches (Lair:6)
  25 blink frogs
  9 hippogriffs
  5 dream sheep (Lair:4)
  54 yaks
  A shadow (D:14)
  2 vampires
  7 wyverns
  4 wraiths
  The ghost of Saba the Archer, an amateur CeHu (D:3)
  13 vampire mosquitoes
  9 basilisks
  4 hungry ghosts
  Edmund (D:5)
  7 soldier ants
  19 water moccasins
  2 hell hounds (D:8)
  An acid dragon (D:11)
  7 porcupines
  5 orc warriors
  3 sky beasts
  2 black bears
  A swamp drake (Lair:1)
  5 ice beasts
  An eye of draining (D:15)
  21 wolves
  2 phantoms
  18 centaurs
  30 crocodiles
  5 ogres
  3 big kobolds
  31 bullfrogs
  A gnoll sergeant (D:12)
  A water moccasin zombie (D:9)
  A wyvern zombie (D:14)
  7 scorpions
  A wyvern skeleton (D:12)
  30 killer bees
  6 howler monkeys
  5 electric eels
  11 crimson imps
  2 bullfrog zombies
  4 jellies
  Crazy Yiuf (D:3)
  6 hounds
  9 orc priests
  A bullfrog skeleton (D:13)
  13 orc wizards
  8 iguanas
  38 worker ants
  A hound zombie (D:5)
  A hound skeleton (D:6)
  3 worker ant zombies
  A howler monkey skeleton (D:4)
  4 gnolls (D:12)
  8 adders
  A hound simulacrum (D:8)
  A shadow imp (D:6)
  4 white imps (D:8)
  An adder zombie (D:9)
  The ghost of Pestilence the Skirmisher, a weakling DsAK of Lugonu (D:4)
  2 dart slugs (D:1)
  14 leopard geckos
  46 orcs
  4 giant cockroaches
  4 goblins
  3 hobgoblins (D:1)
  7 jackals
  2 quokkas (D:6)
  3 ball pythons
  11 bats
  9 frilled lizards
  A goblin skeleton (D:6)
  A goblin zombie (D:6)
  22 kobolds
  3 kobold zombies (D:6)
  2 orc skeletons (D:6)
  2 orc zombies (D:6)
  4 rats
  A fungus (D:5)
  3 plants (Lair:6)
759 creatures vanquished.

Vanquished Creatures (others)
  A wolf (IceCv)
  A leopard gecko (Lair:1)
  5 fungi
  38 plants
45 creatures vanquished.

Grand Total: 804 creatures vanquished

Notes
Turn   | Place    | Note
-------+----------+-------------------------------------------
     0 | D:1      | JeffiDaFish the Gargoyle Fighter began the quest for the Orb.
     0 | D:1      | Reached XP level 1. HP: 14/14 MP: 1/1
   192 | D:1      | Reached XP level 2. HP: 18/19 MP: 2/2
   749 | D:1      | Reached XP level 3. HP: 23/23 MP: 3/3
  1080 | D:2      | Found a hazy altar of Hepliaklqana.
  1529 | D:2      | Found a burning altar of Makhleb.
  1560 | D:2      | Reached XP level 4. HP: 26/28 MP: 4/4
  1620 | D:2      | Found a blossoming altar of Fedhas.
  1842 | D:3      | Reached skill level 3 in Maces & Flails
  1854 | D:3      | Noticed Saba's ghost (amateur CeHu)
  1866 | D:3      | Killed Saba's ghost
  1866 | D:3      | Reached XP level 5. HP: 20/33 MP: 5/5
  1866 | D:3      | Reached XP level 6. HP: 23/38 MP: 6/6
  2369 | D:3      | Reached skill level 4 in Maces & Flails
  2369 | D:3      | Reached skill level 1 in Dodging
  2585 | D:3      | Found a runed door.
  2589 | D:3      | Noticed Crazy Yiuf
  2597 | D:3      | Killed Crazy Yiuf
  2927 | D:4      | Reached skill level 5 in Shields
  3056 | D:4      | Noticed Pestilence's ghost (weakling DsAK)
  3057 | D:4      | Reached XP level 7. HP: 40/44 MP: 7/7
  3073 | D:4      | Killed Pestilence's ghost
  3551 | D:5      | Entered Level 5 of the Dungeon
  3669 | D:5      | Reached skill level 5 in Maces & Flails
  3669 | D:5      | Reached skill level 5 in Armour
  3669 | D:5      | Reached skill level 1 in Stealth
  3684 | D:5      | Noticed Edmund
  3702 | D:5      | Reached XP level 8. HP: 46/48 MP: 8/8
  3706 | D:5      | Reached skill level 5 in Fighting
  3728 | D:5      | Killed Edmund
  3728 | D:5      | Reached skill level 6 in Maces & Flails
  4367 | D:6      | Found a radiant altar of Vehumet.
  4502 | D:6      | Found a glowing golden altar of the Shining One.
  4533 | D:6      | Found a staircase to the Ecumenical Temple.
  4550 | D:6      | Found Haggoleg's Book Shoppe.
  4779 | D:6      | Reached skill level 7 in Maces & Flails
  4870 | D:6      | Reached XP level 9. HP: 51/55 MP: 9/9
  5283 | D:6      | Found a basalt altar of Yredelemnul.
  5507 | D:7      | Noticed iamoutofideas's ghost (novice MiFi)
  5542 | D:7      | Killed iamoutofideas's ghost
  5542 | D:7      | Reached skill level 8 in Maces & Flails
  5728 | D:7      | Learned a level 2 spell: Blink
  6014 | D:8      | Found an ancient bone altar of Kikubaaqudgha.
  6049 | D:8      | Reached skill level 9 in Maces & Flails
  6144 | D:8      | Found a staircase to the Lair.
  6176 | D:8      | Reached XP level 10. HP: 58/61 MP: 10/10
  6494 | D:8      | Noticed a death yak
  6511 | D:8      | Killed a death yak
  6511 | D:8      | Reached skill level 10 in Maces & Flails
  7008 | Lair:1   | Entered Level 1 of the Lair of Beasts
  7146 | Lair:1   | Noticed a seven-headed hydra
  7157 | Lair:1   | Killed a seven-headed hydra
  7453 | Lair:1   | Reached XP level 11. HP: 67/67 MP: 11/11
  7635 | Lair:1   | Reached skill level 11 in Maces & Flails
  8303 | Lair:2   | Noticed Sonja
  8415 | Lair:2   | Got an ancient ivory ring
  8417 | Lair:2   | Identified the ring of Pakhlotob {rElec rPois rN+ Dex-3} (You found it on level 2 of the Lair of Beasts)
  8492 | Lair:2   | Noticed a five-headed hydra
  8501 | Lair:2   | Killed a five-headed hydra
  8714 | Lair:2   | Noticed a queen ant
  8743 | Lair:2   | Killed a queen ant
  8745 | Lair:2   | Reached skill level 10 in Shields
  8874 | Lair:2   | Killed Sonja
  8874 | Lair:2   | Reached skill level 12 in Maces & Flails
  8894 | Lair:2   | Reached XP level 12. HP: 75/75 MP: 12/12
  9168 | Lair:3   | Identified a scroll of acquirement
  9206 | Lair:3   | Noticed a six-headed hydra
  9213 | Lair:3   | Killed a six-headed hydra
  9252 | Lair:3   | Noticed an eight-headed hydra
  9260 | Lair:3   | Killed an eight-headed hydra
  9688 | Lair:3   | Found a staircase to the Snake Pit.
  9902 | Lair:4   | Reached skill level 1 in Spellcasting
  9949 | Lair:4   | Reached skill level 10 in Armour
  9971 | Lair:4   | Noticed Urug
  9993 | Lair:4   | Noticed a four-headed hydra
 10014 | Lair:4   | Killed a four-headed hydra
 10033 | Lair:3   | Reached skill level 1 in Translocations
 10120 | Lair:3   | Reached skill level 13 in Maces & Flails
 10147 | Lair:3   | Reached XP level 13. HP: 46/80 MP: 16/16
 10235 | Lair:4   | Killed Urug
 10752 | Lair:4   | Found a staircase to the Swamp.
 10918 | Lair:5   | Found a viscous altar of Jiyva.
 10918 | Lair:5   | Found a staircase to the Slime Pits.
 10964 | Lair:5   | Found a frozen archway.
 10966 | Lair:5   | Noticed an ice dragon
 11004 | Lair:5   | Killed an ice dragon
 11004 | Lair:5   | Reached skill level 10 in Fighting
 11033 | IceCv    | Entered an ice cave
 11104 | IceCv    | Identified the Tome of Gliding Curses
 11256 | IceCv    | Got a transparent glass ring
 11257 | IceCv    | Identified the ring "Jefirotz" {*Drain +Inv rPois rN+} (You found it in an ice cave)
 11507 | IceCv    | Noticed a frost giant
 11543 | IceCv    | Killed a frost giant
 11593 | IceCv    | Identified the Collected Works on Augmentations
 12250 | Lair:6   | Entered Level 6 of the Lair of Beasts
 12293 | Lair:5   | Gained mutation: Your large and strong wings let you fly indefinitely. [Gargoyle growth]
 12293 | Lair:5   | Reached XP level 14. HP: 58/88 MP: 19/19
 12471 | Temple   | Entered the Ecumenical Temple
 12536 | Temple   | Became a worshipper of Warmaster Okawaru
 12759 | Lair:5   | Reached * piety under Okawaru
 12914 | Lair:6   | Reached ** piety under Okawaru
 13137 | Lair:6   | Reached skill level 14 in Maces & Flails
 13137 | Lair:6   | Reached skill level 5 in Dodging
 13181 | Lair:6   | Reached *** piety under Okawaru
 13463 | Lair:6   | Reached **** piety under Okawaru
 13682 | Lair:6   | Found a glowing golden altar of the Shining One.
 14256 | Lair:6   | Reached ***** piety under Okawaru
 14426 | Lair:6   | HP: 1/91 [acid (15)]
 14904 | D:9      | Noticed Maurice
 14919 | D:9      | Killed Maurice
 14955 | D:9      | Reached XP level 15. HP: 55/96 MP: 22/22
 15174 | D:9      | Found a deep blue altar of Sif Muna.
 15262 | D:9      | Found a sparkling altar of Nemelex Xobeh.
 15346 | D:9      | Found a staircase to the Orcish Mines.
 15426 | D:10     | Entered Level 10 of the Dungeon
 15426 | D:10     | Noticed Erolcha
 15431 | D:10     | Killed Erolcha
 15431 | D:10     | Reached skill level 5 in Spellcasting
 15530 | D:10     | Found Ogismap's Jewellery Shop.
 15535 | D:10     | Bought a +3 ring of evasion for 273 gold pieces
 15913 | D:10     | Received a gift from Okawaru
 16378 | D:11     | Noticed Wingnut's ghost (journeyman MiFi)
 16388 | D:11     | Killed Wingnut's ghost
 17694 | D:12     | Gained mutation: Armour fits poorly on your strangely shaped body. [potion of mutation]
 17694 | D:12     | Gained mutation: Scrolls take you a little longer to read. [potion of mutation]
 17694 | D:12     | Gained mutation: Your flesh is cold resistant. (rC+) [potion of mutation]
 17761 | D:12     | Noticed Rupert
 17765 | D:12     | Paralysed by Rupert for 2 turns
 17772 | D:12     | Paralysed by Rupert for 5 turns
 17785 | D:12     | Killed Rupert
 17785 | D:12     | Reached skill level 1 in Invocations
 18156 | D:13     | Reached skill level 5 in Translocations
 18522 | D:13     | Found a shadowy altar of Dithmenos.
 19377 | D:14     | Identified Sauzya's Tome of Bewitchment and Moulding
 19470 | D:14     | Received a gift from Okawaru
 19564 | D:14     | Reached XP level 16. HP: 84/103 MP: 24/24
 19577 | D:14     | Found a gate to the Vaults.
 19749 | D:14     | Reached skill level 15 in Maces & Flails
 20046 | D:15     | Entered Level 15 of the Dungeon
 20193 | D:15     | Found Wuga's Magic Scroll Shop.
 20309 | D:15     | Noticed Morgon's ghost (adept CeMo)
 20375 | D:15     | Slain by Morgon's ghost

Skill      XL: |  1  2  3  4  5  6  7  8  9 10 11 12 13 14 15 16 |
---------------+-------------------------------------------------+-----
Shields        | 4 5 6 7 8 10 11 12 13 | 13.8
Maces & Flails | 3 4 5 7 9 10 12 13 14 15 | 15.1
Fighting       | 4 5 6 7 8 9 10 11 12 13 | 13.0
Armour         | 4 5 6 8 9 10 11 12 13 | 13.4
Dodging        | 1 2 3 4 5 6 |  6.1
Stealth        | 1 2 |  2.2
Spellcasting   | 2 3 4 5 |  5.7
Translocations | 1 3 4 5 |  5.6
Invocations    | 2 3 |  3.0

Action                   |  1- 3 |  4- 6 |  7- 9 | 10-12 | 13-15 | 16-18 || total
-------------------------+-------+-------+-------+-------+-------+-------++-------
Melee: Flail             |   133 |   124 |   168 |   656 |  1584 |   182 ||  2847
       Mace              |       |    52 |   124 |       |       |       ||   176
Invok: Heroism           |       |       |       |       |       |     1 ||     1
 Abil: Fly               |       |       |       |       |     1 |       ||     1
Evoke: Wand              |       |       |       |       |    10 |       ||    10
  Use: Scroll            |     3 |     5 |     6 |     9 |    18 |       ||    41
       Potion            |     6 |     1 |     3 |     3 |     6 |     3 ||    22
 Stab: Confused          |       |       |       |     1 |       |       ||     1
       Invisible         |       |       |       |       |     5 |       ||     5
       Petrified         |       |       |       |       |     3 |       ||     3
  Eat: Chunk             |     2 |     5 |    10 |    13 |    34 |     3 ||    67
       Fruit             |       |       |     3 |       |       |       ||     3
       Royal jelly       |       |       |       |     1 |       |       ||     1
Armor: Scale mail        |    79 |    91 |       |       |       |       ||   170
       Chain mail        |       |    15 |   156 |   161 |       |       ||   332
       Plate armour      |       |       |       |   245 |   834 |    81 ||  1160
Dodge: Dodged            |    42 |    58 |    73 |   178 |   466 |    52 ||   869
Block: Shield            |    80 |    96 |   140 |   459 |  1005 |    98 ||  1878
